 Dungeon Crawl Stone Soup version 0.30-a0-618-gd6c86c23d0 (webtiles) character file.

Game seed: 16881612873183875612

5281 Leeroy the Covert (level 10, -14/50 HPs)
             Began as a Kobold Enchanter on Jan 9, 2023.
             Was an Initiate of Wu Jian.
             Killed from afar by a deep elf pyromancer (16 damage)
             ... with a bolt of fire
             ... on level 8 of the Dungeon.
             The game lasted 00:15:16 (6419 turns).

Leeroy the Covert (Kobold Enchanter)                Turns: 6419, Time: 00:15:17

Health: -14/50     AC: 14    Str:  6    XL:     10   Next: 94%
Magic:  5/20       EV: 14    Int: 16    God:    Wu Jian [......]
Gold:   362        SH:  0    Dex: 20    Spells: 11/22 levels left

rFire   . . .      SeeInvis .    j - +1 short sword (protect)
rCold   . . .      Faith    .    (no shield)
rNeg    . . .      Spirit   .    e - +3 leather armour {Will+}
rPois   .          Reflect  .    (no helmet)
rElec   .          Harm     .    (no cloak)
rCorr   .          Rampage  .    B - +0 pair of gloves
Will    +....                    (no boots)
Stlth   +++++++                  (no amulet)
HPRegen 0.28/turn                (no ring)
MPRegen 0.17/turn                (no ring)

@: lethally poisoned (-14 -> -15), under a protective aura
A: small, no large weapons, nightstalker 3
a: Renounce Religion


You were on level 8 of the Dungeon.
You worshipped Wu Jian.
Wu Jian was noncommittal.
You visited 2 branches of the dungeon, and saw 9 of its levels.

You collected 362 gold pieces.

Inventory:

Hand Weapons
 a - a +1 dagger
 j - a +1 short sword of protection (weapon)
 r - a +0 rapier
 H - a +2 dagger
 I - a +3 falchion
 M - a +0 dagger of chaos
 O - a +0 scimitar of flaming
Missiles
 s - 2 throwing nets (quivered)
 F - 11 poisoned darts
Armour
 b - a +0 robe
 e - a +3 leather armour of willpower (worn)
 B - a +0 pair of gloves (worn)
Jewellery
 k - a ring of wizardry
 n - a ring of flight
 A - a ring of protection from cold
 C - an amulet of reflection
 N - a +6 ring of dexterity
Wands
 o - a wand of flame (25)
 z - a wand of quicksilver (24)
 D - a wand of iceblast (9)
 P - a wand of polymorph (6)
Scrolls
 d - 3 scrolls of blinking
 f - a scroll of magic mapping {unknown}
 i - 2 scrolls of summoning {unknown}
 l - a scroll of noise {unknown}
 m - 6 scrolls of identify
 p - a scroll of brand weapon {unknown}
 q - 2 scrolls of fear {unknown}
 u - 2 scrolls of poison {unknown}
 x - 2 scrolls of enchant weapon {unknown}
 y - 2 scrolls of teleportation {unknown}
 G - a scroll of immolation {unknown}
 K - 3 scrolls of fog {unknown}
Potions
 c - 2 potions of invisibility
 g - 2 potions of degeneration {unknown}
 h - 6 potions of curing {unknown}
 t - 3 potions of berserk rage {unknown}
 v - a potion of flight {unknown}
 w - a potion of might {unknown}
 E - a potion of brilliance {unknown}
 J - a potion of lignification {unknown}
 L - a potion of resistance {unknown}


   Skills:
 - Level 6.0 Short Blades
 - Level 3.6 Armour
 - Level 2.4 Dodging
 - Level 14.3 Stealth
 + Level 6.7 Spellcasting
 + Level 8.3 Hexes
 - Level 0.1 Ice Magic


You had 11 spell levels left.
You knew the following spells:

 Your Spells              Type           Power      Damage    Failure   Level
a - Ensorcelled Hibernat  Hex/Ice        36%        N/A       4%          2
b - Confusing Touch       Hex            32%        N/A       1%          3
c - Tukima's Dance        Hex            32%        N/A       1%          3
d - Dazzling Flash        Conj/Hex       36%        N/A       11%         3

Your spell library contained the following spells:

 Spells                   Type           Power      Damage    Failure   Level
 Inner Flame              Hex/Fire       18%        N/A       11%         3
 Cigotuvi's Dreadful Rot  Necr/Pois/Air  10%        N/A       28%         2
 Gell's Gravitas          Tloc           5%         N/A       50%         3
 Ignite Poison            Fire/Tmut/Pois 5%         N/A       50%         3
 Lesser Beckoning         Tloc           10%        N/A       50%         3
 Teleport Other           Tloc           5%         N/A       50%         3
 Dispel Undead            Necr           5%         3d7       88%         4
 Flame Wave               Conj/Fire      5%         2d5       88%         4
 Sticky Flame             Conj/Fire      5%         2d3       88%         4
 Death Channel            Necr           2%         N/A       100%        6
 Ignition                 Fire           2%         3d3       100%        8


Dungeon Overview and Level Annotations

Branches:
Dungeon (8/15)             Temple (1/1) D:7
   Lair: D:8-11

Altars:
Ashenzari
Cheibriados
Dithmenos
Elyvilon
Fedhas
Gozag
Hepliaklqana
Kikubaaqudgha
Makhleb
Nemelex Xobeh
Okawaru
Qazlal
Ru
Sif Muna
Trog
Uskayaw
Vehumet
Wu Jian
Xom
Yredelemnul
Zin
The Shining One

Annotations:
D:3 SlaveLabor's ghost, amateur SpHu
D:5 3 runed translucent doors, vianneychevalier's ghost, amateur MiFi


Innate Abilities, Weirdness & Mutations

You are small and have problems with some larger weapons.
You are completely attuned to the shadows.


Message History

You feel sick.
The centaur hits you but does no damage.
The centaur barely misses you. x2
The centaur kicks you but does no damage.
Casting: Ensorcelled Hibernation (safe; 5% risk of failure)
Confirm with . or Enter, or press ? or * to list all spells.
Aiming: Ensorcelled Hibernation (safe; 5% risk of failure)
Press: ? - help, Shift-Dir - straight line, f - centaur
Aim: a centaur, wielding a +0 short sword (chance to affect: 50%)
The centaur resists with significant effort.
You feel sick.
A bullfrog comes into view.
The centaur barely misses you. x2; The bullfrog moves out of view.
Casting: Ensorcelled Hibernation (safe; 5% risk of failure)
Confirm with . or Enter, or press ? or * to list all spells.
Aiming: Ensorcelled Hibernation (safe; 5% risk of failure)
Press: ? - help, Shift-Dir - straight line, f/p - centaur
Aim: a centaur, wielding a +0 short sword (chance to affect: 50%)
The centaur looks drowsy...
You feel sick. The centaur closely misses you. x2
The helpless centaur fails to defend itself.
You perforate the centaur like a sieve!!!
Your weapon exudes an aura of protection.
You kill the centaur!
The Council accepts your kill.
The centaur hits you but does no damage.
The centaur barely misses you.
As you read the scroll labelled NILOENU LEARI, it crumbles to dust.
It is a scroll of identify.
d - 3 scrolls of blinking You feel sick.
The bullfrog hits you but does no damage.
The centaur hits you with a +1 battleaxe of pain!
* * * LOW HITPOINT WARNING * * *
You writhe in agony.
* * * LOW HITPOINT WARNING * * *
The centaur kicks you but does no damage.
The deep elf pyromancer casts a spell at you.
The bolt of fire hits the centaur!!
The centaur resists.
The bolt of fire hits you!
You die...

##.#.#...†)....
#. #.
#.#)#.#.##.....
#.
##.#†##..#.....#.
##
###o####..##.##..
#!....###..#.#..#
#..#....###.....#
..##T.#.. ###.###
.# #).##. #)..##
## .#/#
#..#@F#..# .# #.
...###c.... ## ..
.#. #.e#..#
e.[##.## ##.# .#
#.. #.#


You could see a deep elf pyromancer, a bullfrog and a centaur.

Vanquished Creatures
  A centaur warrior (D:8)
  Erica (D:8)
  A troll (D:8)
  Grinder (D:5)
  2 wyverns (D:8)
  Eustachio (D:4)
  A wraith (D:8)
  A yak (D:7)
  5 water moccasins
  2 ogres
  An ice beast (D:5)
  3 sky beasts
  A centaur (D:8)
  A phantom (D:5)
  2 kobold brigands (D:7)
  3 bullfrogs
  A gnoll sergeant (D:6)
  2 scorpions
  8 wights (D:7)
  3 howler monkeys
  A crimson imp (D:7)
  7 hounds
  An orc priest (D:3)
  2 jellies
  2 iguanas (D:5)
  Terence (D:2)
  3 orc wizards
  Ijyb (D:5)
  6 adders
  4 gnolls
  3 shadow imps
  A white imp (D:7)
  3 worms
  2 dart slugs
  12 orcs
  4 endoplasms
  2 giant cockroaches
  7 goblins
  8 hobgoblins
  2 jackals (D:3)
  4 quokkas
  5 ball pythons
  9 bats
  A frilled lizard (D:1)
  15 kobolds
  4 rats
151 creatures vanquished.

Notes
Turn   | Place    | Note
-------+----------+-------------------------------------------
     0 | D:1      | Leeroy the Kobold Enchanter began the quest for the Orb.
     0 | D:1      | Reached XP level 1. HP: 10/10 MP: 3/3
   285 | D:1      | Reached XP level 2. HP: 12/15 MP: 5/5
   673 | D:1      | Reached XP level 3. HP: 13/19 MP: 6/6
   676 | D:1      | Learned a level 2 spell: Ensorcelled Hibernation
   680 | D:1      | Learned a level 3 spell: Confusing Touch
   791 | D:1      | Found a faded altar of an unknown god.
  1088 | D:2      | Noticed Terence
  1097 | D:2      | Killed Terence
  1098 | D:2      | Reached XP level 4. HP: 16/24 MP: 4/7
  1158 | D:2      | Reached skill level 5 in Short Blades
  1462 | D:2      | Reached XP level 5. HP: 25/28 MP: 5/8
  1646 | D:3      | Found a runed translucent gate.
  1648 | D:3      | Found a runed translucent gate.
  1648 | D:3      | Found an opulent altar of Gozag.
  1965 | D:3      | Reached skill level 5 in Stealth
  2168 | D:3      | Found a runed translucent gate.
  2275 | D:3      | Reached skill level 6 in Stealth
  2275 | D:3      | Reached XP level 6. HP: 25/32 MP: 0/9
  2276 | D:3      | Noticed SlaveLabor's ghost (amateur SpHu)
  2461 | D:4      | Reached skill level 7 in Stealth
  2620 | D:4      | Learned a level 3 spell: Tukima's Dance
  2818 | D:4      | Reached skill level 8 in Stealth
  2818 | D:4      | Reached XP level 7. HP: 36/36 MP: 10/10
  2877 | D:4      | Noticed Eustachio
  2897 | D:4      | Killed Eustachio
  2898 | D:4      | Reached skill level 9 in Stealth
  3011 | D:4      | Noticed a water moccasin
  3016 | D:4      | Killed a water moccasin
  3017 | D:4      | Reached skill level 10 in Stealth
  3334 | D:5      | Entered Level 5 of the Dungeon
  3355 | D:5      | Noticed Grinder
  3360 | D:5      | Reached XP level 8. HP: 41/41 MP: 11/11
  3376 | D:5      | Killed Grinder
  3377 | D:5      | Reached skill level 11 in Stealth
  3399 | D:5      | Reached skill level 12 in Stealth
  3460 | D:5      | Found a runed translucent gate.
  3460 | D:5      | Noticed vianneychevalier's ghost (amateur MiFi)
  3461 | D:5      | Found a runed translucent gate.
  3463 | D:5      | Found a runed translucent gate.
  3579 | D:5      | Noticed Ijyb
  3583 | D:5      | Killed Ijyb
  3668 | D:5      | Reached skill level 13 in Stealth
  3738 | D:5      | Reached XP level 9. HP: 45/45 MP: 12/12
  3982 | D:6      | Reached skill level 14 in Stealth
  4687 | D:5      | Learned a level 3 spell: Dazzling Flash
  4694 | D:6      | Reached skill level 1 in Armour
  4786 | D:6      | You fall into a shaft and drop 1 floor!
  5033 | D:7      | Found a staircase to the Ecumenical Temple.
  5108 | Temple   | Entered the Ecumenical Temple
  5150 | Temple   | Became a worshipper of the Wu Jian Council
  5480 | D:7      | Reached XP level 10. HP: 48/50 MP: 15/15
  5484 | D:7      | Reached skill level 5 in Hexes
  5612 | D:7      | Found a broken altar of Ashenzari.
  5616 | D:7      | Found a stormy altar of Qazlal.
  5618 | D:7      | Found a hazy altar of Hepliaklqana.
  5619 | D:7      | Found a bloodstained altar of Trog.
  5625 | D:7      | Found a radiant altar of Vehumet.
  5818 | D:7      | Found a shimmering altar of Xom.
  5819 | D:7      | Found a burning altar of Makhleb.
  6068 | D:8      | Noticed Erica
  6070 | D:8      | Killed Erica
  6071 | D:8      | Reached skill level 5 in Spellcasting
  6157 | D:8      | Found a white marble altar of Elyvilon.
  6157 | D:8      | Found a glowing silver altar of Zin.
  6170 | D:8      | Found a glowing golden altar of the Shining One.
  6332 | D:8      | Noticed a centaur warrior
  6335 | D:8      | Killed a centaur warrior
  6408 | D:8      | Noticed a cyclops
  6414 | D:8      | Identified the ring of Izueble {Fire Slay+3}
  6414 | D:8      | Noticed a deep elf pyromancer
  6419 | D:8      | HP: 2/50 [centaur/+1 battleaxe of pain (1)]
  6419 | D:8      | Killed from afar by a deep elf pyromancer

Illustrated notes

Levels and vault maps discovered:
D:1:      dpeg_arrival_arbitrary_b, layout_basic,
          dreamdust_ecumenical_altar_angels_and_demons
D:2:      layout_rooms, minmay_statues_item, minmay_split_cup_small,
          uniq_terence
D:3:      layout_rooms, ebering_ghost_gozag, due_unseen_surprise
D:4:      layout_loops_cross, uniq_eustachio
D:5:      layout_rooms, gammafunk_ghost_nasty_kobolds, uniq_grinder, uniq_ijyb
D:6:      lemuel_slime, layout_loops_corners
D:7:      minmay_chambers_of_fours, layout_basic,
          grunt_temple_overflow_champion_of_chaos,
          chequers_temple_overflow_minitemple, temple_hall
D:8:      minmay_the_grid_octo_tiled_squarecenter [minmay_the_grid_octo_77,
          minmay_the_grid_octo_clover_2, minmay_the_grid_octo_horde,
          minmay_the_grid_octo_pinwheel,
          minmay_the_grid_square_5x5_megaprize_diamond,
          minmay_the_grid_square_5x5_shuriken,
          minmay_the_grid_square_5x5_two_walls_a,
          minmay_the_grid_square_5x5_sharp_hourglass,
          minmay_the_grid_square_5x5_checkered], layout_basic,
          dreamdust_divine_triumvirate, serial_rivers,
          chequers_serial_rivers_micro_e, chequers_serial_rivers_micro_c,
          chequers_serial_rivers_micro_d, chequers_serial_rivers_small_b,
          chequers_serial_rivers_micro_b, chequers_serial_rivers_micro_c,
          item_on_display_b, uniq_erica, uniq_prince_ribbit1
Temple:   hellmonk_temple_two_chambers

Skill      XL: |  1  2  3  4  5  6  7  8  9 10 |
---------------+-------------------------------+-----
Short Blades   | 2 3 4 5 6 |  6.0
Stealth        | 6 8 10 13 14 | 14.3
Armour         | 3 |  3.6
Spellcasting   | 3 6 |  6.7
Hexes          | 4 8 |  8.3
Dodging        | |  2.4
Ice Magic      | |  0.1

Action                   |  1- 3 |  4- 6 |  7- 9 | 10-12 || total
-------------------------+-------+-------+-------+-------++-------
Melee: Dagger            |    43 |       |       |       ||    43
       Short sword       |    43 |   217 |   144 |    63 ||   467
       Punch             |       |     5 |     1 |     1 ||     7
 Cast: Ensorcelled Hiber |     1 |    11 |    15 |    11 ||    38
       Confusing Touch   |       |     1 |       |     2 ||     3
       Tukima's Dance    |       |       |     1 |       ||     1
Invok: Lunge             |       |       |     2 |     9 ||    11
  Use: Potion            |       |     2 |       |       ||     2
       Scroll            |       |       |       |     1 ||     1
 Stab: Sleeping          |    13 |    13 |    44 |    13 ||    83
       Confused          |       |     1 |       |     3 ||     4
       Distracted        |       |       |     1 |     1 ||     2
Armor: Robe              |    17 |    61 |     1 |       ||    79
       Leather armour    |       |       |    26 |    29 ||    55
Dodge: Dodged            |    44 |   165 |    66 |    39 ||   314

Table legend: (Time is in decaauts)
 A = Elapsed time spent in this place.
 B = Non-inter-level travel time spent in this place.
 C = Inter-level travel time spent in this place.
 D = Time resting spent in this place.
 E = Time spent auto-exploring this place.
 F = Levels seen in this place.
 G = Mean time per level.
                   A        B        C        D        E       F      G
               +--------+--------+--------+--------+--------+-----+--------+
         Total |   6285 |   6051 |    234 |    661 |   4225 |   9 |  698.3 |
       Dungeon |   6224 |   6008 |    216 |    661 |   4207 |   8 |  778.0 |
        Temple |     61 |     43 |     18 |      0 |     18 |   1 |   61.0 |
               +--------+--------+--------+--------+--------+-----+--------+

Top non-repeatable levels by time:
     D:5: 1284 daAuts
     D:7: 1104 daAuts
     D:1: 943 daAuts
     D:4: 924 daAuts
     D:3: 735 daAuts
     D:2: 646 daAuts
     D:8: 428 daAuts
     D:6: 157 daAuts
  Temple: 61 daAuts
